 Dungeon Crawl Stone Soup version 0.31-a0-675-g238779eb0a (webtiles) character file.

Game seed: 17014134915046112876

45 qw the Shooter (level 3, -2/22 HPs)
             Began as a Gargoyle Hunter on Sept 5, 2023.
             Slain by a goblin
             ... wielding a +0 club
             ... led by Robin
              (5 damage)
             ... on level 2 of the Dungeon.
             The game lasted 00:00:25 (872 turns).

qw the Shooter (Gargoyle Hunter)                     Turns: 872, Time: 00:00:25

Health: -2/22      AC:  8    Str: 14    XL:     3   Next: 64%
Magic:  3/3        EV: 10    Int:  9    God:
Gold:   39         SH:  0    Dex: 15    Spells: 2/2 levels left

rFire   . . .        Y - +0 shortbow
rCold   . . .        (shield currently unavailable)
rNeg    + . .        d - +0 ring mail
rPois   inf          (no helmet)
rElec   +            (no cloak)
rCorr   .            (no gloves)
SInv    .            (no boots)
Will    .....        (no amulet)
Stlth   +            (no ring)
HPRegen 0.23/turn    (no ring)
MPRegen 0.08/turn

%: no passive effects
@: no status effects
A: sickness immunity, AC +3, negative energy resistance 1, electricity
resistance, torment resistance 1, petrification resistance
a: no special abilities


You were on level 2 of the Dungeon.
You visited 1 branch of the dungeon, and saw 2 of its levels.

You collected 39 gold pieces.


Innate Abilities, Weirdness & Mutations

You are immune to sickness and miasma.
Your stone body is resilient. (AC +3)
You are immune to poison.
You resist negative energy. (rN+)
You are resistant to electric shocks. (rElec)
You are resistant to unholy torment.
You are immune to petrification.


   Skills:
 + Level 2.4 Fighting
 - Level 5.0 Ranged Weapons
 - Level 1.1 Armour
 - Level 1.5 Dodging
 - Level 1.1 Stealth


You had 2 spell levels left.
You didn't know any spells.
Your spell library was empty.

Inventory:

Hand Weapons
 Y - a +0 shortbow (weapon)
Armour
 d - a +0 ring mail (worn)
Potions
 a - a potion of curing {unknown}

Dungeon Overview and Level Annotations

Branches:
Dungeon (2/15)

Altars:

Annotations:
D:2 Robin


Message History

A hobgoblin comes into view.
A goblin comes into view.
It is wielding a +2 dagger of holy wrath.
You shoot an arrow. The arrow hits the goblin.
The goblin is severely wounded.
The goblin hits you but does no damage.
You shoot an arrow. The arrow barely misses the goblin.
Robin roars a battlecry!
The goblins go into a battle-frenzy!
The goblin closely misses you. The goblin hits you but does no damage.
Robin's bangles clink loudly.
The goblin closely misses you.
A goblin comes into view. It is wielding a +0 club.
The goblin closely misses you.
You shoot an arrow. The arrow hits the goblin.
You kill the goblin!
The goblin barely misses you. Robin throws the goblin at you!
The goblin hits you but does no damage. x2
You shoot an arrow. The arrow hits the goblin!
You kill the goblin!
A goblin comes into view. It is wielding a +0 club.
The goblin hits you with a +0 club.
You shoot an arrow. The arrow closely misses the goblin.
Robin throws the goblin at you!
The goblin hits you but does no damage. x2
The goblin hits you with a +0 dagger. The goblin hits you with a +0 club.
The goblin closely misses you. The goblin hits you with a +0 club.
The goblin hits you with a +0 dagger.
You shoot an arrow. The arrow closely misses the goblin.
The goblin barely misses you. x2; The goblin misses you.
You shoot an arrow. The arrow barely misses the goblin.
The goblin hits you with a +0 club. The goblin closely misses you.
The goblin hits you with a +0 dagger. The goblin hits you with a +0 club.
You shoot an arrow. The arrow closely misses the goblin.
The goblin hits you but does no damage. Robin throws the goblin at you!
The goblin hits you with a +0 club. The goblin barely misses you. x2
The goblin hits you but does no damage. x2
You shoot an arrow. The arrow hits the goblin!
You kill the goblin!
The goblin closely misses you.
The goblin hits you but does no damage. x2
The goblin hits you with a +0 club.
You die...

. #....#..
#.#~.######.##>#.#
..~.....#..##[#.#####
.~~~................
...~~...###.#.#####
##.~~.##..##.#.# ##
~~~#.###.##...#
.#~~~#g#)###.###..#
......g@g....# #..#
.#####gg###### #..#
## #g## #..# #... #g
#.##...# .. ##<...#
#.. #..#### ..> #..#
## .... #..# ##. #..#
#..


You could see Robin, a hobgoblin (strong) and 5 goblins.

Vanquished Creatures
  An adder (D:2)
  2 dart slugs (D:1)
  A giant cockroach (D:1)
  9 goblins
  2 hobgoblins
  2 jackals (D:1)
  2 quokkas (D:1)
  3 ball pythons
  A bat (D:1)
  3 frilled lizards (D:1)
  3 kobolds (D:1)
  3 rats
32 creatures vanquished.

Notes
Turn   | Place    | Note
-------+----------+-------------------------------------------
     0 | D:1      | qw the Gargoyle Hunter began the quest for the Orb.
     0 | D:1      | Reached XP level 1. HP: 12/12 MP: 1/1
     0 | D:1      | 0 ||| qw: Version: 0.3-a-75-g829b12e
     0 | D:1      | 0 ||| qw: Game counter: 181
     0 | D:1      | 0 ||| qw: Melee chars always use a shield: true
     0 | D:1      | 0 ||| qw: God list: Okawaru
     0 | D:1      | 0 ||| qw: Allow faded altars: false
     0 | D:1      | 0 ||| qw: Do Orc after clearing Dungeon:15 true
     0 | D:1      | 0 ||| qw: Do second Lair branch before Depths: true
     0 | D:1      | 0 ||| qw: Lair rune preference: random
     0 | D:1      | 0 ||| qw: Goals: Normal
     0 | D:1      | 0 ||| PLANNING D:1-11
    86 | D:1      | Reached XP level 2. HP: 17/17 MP: 2/2
   286 | D:1      | Reached XP level 3. HP: 21/21 MP: 3/3
   399 | D:1      | Found a faded altar of an unknown god.
   455 | D:1      | Reached skill level 5 in Ranged Weapons
   694 | D:1      | 694 ||| UPGRADING to +0 ring mail.
   704 | D:1      | 704 ||| DROPPING +0 leather armour.
   705 | D:1      | 705 ||| DROPPING ring of flight.
   706 | D:1      | 706 ||| READING scroll labelled POHYHE ABBANE.
   710 | D:1      | 710 ||| DROPPING scroll of butterflies.
   773 | D:2      | Reached skill level 1 in Armour
   862 | D:2      | Noticed Robin
   870 | D:2      | HP: 5/22 [goblin/+0 club[Robin] (5)]
   872 | D:2      | Slain by a goblin

Levels and vault maps discovered:
D:1:      saegor_arrival_simple_a, layout_basic,
          shapermc_ecumenical_altar_notcrosses, serial_forest,
          infiniplex_forest_straight_3, infiniplex_forest_pool,
          infiniplex_forest_lined_corner, infiniplex_forest_fountain,
          infiniplex_forest_clump_small, infiniplex_forest_end_2,
          infiniplex_forest_clump_cross, infiniplex_forest_fountain,
          infiniplex_forest_clump_long, infiniplex_forest_straight_4
D:2:      layout_rooms, chequers_serial_rivers_small_b, minmay_nonomino_d4,
          uniq_robin

Skill      XL: |  1  2  3 |
---------------+----------+-----
Ranged Weapons | 5 |  5.0
Armour         | 1 |  1.1
Fighting       | |  2.4
Dodging        | |  1.5
Stealth        | |  1.1

Action                     || total
---------------------------++-------
   Fire: Shortbow          ||   116
    Use: Scroll            ||     1
 Armour: Leather armour    ||    28
         Ring mail         ||    29
  Dodge: Dodged            ||    54

Table legend:
 A = Non-vault XP
 B = Vault XP
 C = Vault XP percentage of total XP
 D = Non-vault monster count
 E = Vault monster count
 F = Vault count percentage of total count
                 A         B        C        D         E       F
            +---------+---------+-------+---------+---------+-------
      Total |      59 |       8 |  11.9 |      28 |       4 |  12.5
            +---------+---------+-------+---------+---------+-------
        D:1 |      40 |       0 |   0.0 |      23 |       0 |   0.0
        D:2 |      19 |       8 |  29.6 |       5 |       4 |  44.4
            +---------+---------+-------+---------+---------+-------
